 Dungeon Crawl Stone Soup version 0.31-a0-165-g3f4f80340b (webtiles) character file.

Game seed: 13332120416592041474

1673 qw the Blocker (level 9, 0/52 HPs)
             Began as a Gargoyle Fighter on June 13, 2023.
             Slain by a killer bee (5 damage)
             ... on level 6 of the Dungeon.
             The game lasted 00:02:26 (4603 turns).

qw the Blocker (Gargoyle Fighter)                   Turns: 4603, Time: 00:02:27

Health: 0/52       AC: 19    Str: 24    XL:     9   Next: 1%
Magic:  9/9        EV:  7    Int:  9    God:
Gold:   122        SH: 14    Dex:  9    Spells: 8/8 levels left

rFire   . . .        Y - +0 war axe
rCold   . . .        o - +0 tower shield
rNeg    + . .        e - +0 chain mail
rPois   inf          j - +0 helmet
rElec   +            (no cloak)
rCorr   +            c - +0 pair of gloves
SInv    .            l - +0 pair of boots
Will    .....        p - amulet of faith Stlth
                     g - ring of resist corrosion
HPRegen 0.28/turn    (no ring)
MPRegen 0.11/turn

%: faith
@: no status effects
A: sickness immunity, AC +6, negative energy resistance 1, electricity
resistance, torment resistance 1, petrification resistance
a: no special abilities


You were on level 6 of the Dungeon.
You visited 1 branch of the dungeon, and saw 6 of its levels.

You collected 278 gold pieces.
You spent 156 gold pieces at shops.


Innate Abilities, Weirdness & Mutations

You are immune to sickness and miasma.
Your stone body is resilient. (AC +6)
You are immune to poison.
You resist negative energy. (rN+)
You are resistant to electric shocks. (rElec)
You are resistant to unholy torment.
You are immune to petrification.


   Skills:
 - Level 4.2 Fighting
 - Level 6.2 Axes
 - Level 3.2 Armour
 - Level 1.8 Dodging
 + Level 9.6 Shields


You had 8 spell levels left.
You didn't know any spells.
Your spell library was empty.

Inventory:

Hand Weapons
 m - a +2 hand axe of flaming
 Y - a +0 war axe (weapon)
Missiles
 a - 7 boomerangs (quivered)
Armour
 c - a +0 pair of gloves (worn)
 e - a +0 chain mail (worn)
 j - a +0 helmet (worn)
 l - a +0 pair of boots (worn)
 o - a +0 tower shield (worn)
Jewellery
 g - a ring of resist corrosion (left hand)
 h - an amulet of regeneration
 p - an amulet of faith (around neck)
Scrolls
 i - a scroll of torment {unknown}
 k - 5 scrolls of identify
Potions
 b - a potion of lignification
 d - 2 potions of might
 f - a potion of cancellation
 n - a potion of mutation

Dungeon Overview and Level Annotations

Branches:
Dungeon (6/15)
 Temple: D:4-7

Altars:
Elyvilon
Wu Jian
Zin

Shops:
D:1 (   D:3 ?


Message History

You block the killer bee's attack. x2; The killer bee stings you.
You block the killer bee's attack.
The killer bee stings you but does no damage.
The killer bee barely misses you. The killer bee stings you.
The killer bee stings you but does no damage.
The killer bee stings you.
You closely miss the killer bee.
The killer bee is severely wounded.
You miss the killer bee. You closely miss the killer bee.
You block the killer bee's attack. The killer bee barely misses you.
The killer bee stings you but does no damage.
You block the killer bee's attack.
The killer bee stings you but does no damage.
The killer bee barely misses you. You block the killer bee's attack.
The killer bee stings you.
The killer bee stings you but does no damage.
You miss the killer bee.
The killer bee is severely wounded.
You barely miss the killer bee. You miss the killer bee.
You block the killer bee's attack. x2
The killer bee stings you but does no damage.
The killer bee barely misses you.
The killer bee stings you but does no damage.
The killer bee barely misses you.
You miss the killer bee.
The killer bee is severely wounded.
You barely miss the killer bee. x2
The killer bee stings you but does no damage.
You block the killer bee's attack. The killer bee stings you.
The killer bee stings you but does no damage.
You block the killer bee's attack. x2
The killer bee stings you but does no damage. x3
You hit the killer bee but do no damage.
The killer bee is severely wounded.
You miss the killer bee. x2
You block the killer bee's attack. The killer bee completely misses you.
You block the killer bee's attack. The killer bee barely misses you.
The killer bee stings you but does no damage.
The killer bee stings you. x2
You die...

#. #.. #.# # #.# .#
#.# ..# ####.#######
.. ####...~.....~#.#
####~.....~.....@y.##
#~~~~~~~~~.~~.~~yy~~~#
#~~~~~~.~~~~~~~~~~~~#
##.~...~.~~~...~.##~#
#....~).......~## ~#
##........~.....# #
##..##########.#
##.### .#
#...########.#


You could see 3 killer bees.

Vanquished Creatures
  3 black bears
  An ogre (D:6)
  3 phantoms (D:5)
  2 bullfrogs (D:6)
  4 scorpions
  A killer bee (D:6)
  3 howler monkeys
  3 orc priests
  2 hounds (D:5)
  2 sleepcaps (D:5)
  4 iguanas
  2 orc wizards
  4 gnolls (D:1)
  7 adders
  2 worms
  4 dart slugs
  13 orcs
  9 bats
  2 endoplasms
  2 giant cockroaches
  5 goblins
  4 hobgoblins
  9 jackals
  5 quokkas
  8 ball pythons
  3 frilled lizards
  10 kobolds
  4 rats
121 creatures vanquished.

Notes
Turn   | Place    | Note
-------+----------+-------------------------------------------
     0 | D:1      | qw the Gargoyle Fighter began the quest for the Orb.
     0 | D:1      | Reached XP level 1. HP: 14/14 MP: 1/1
     0 | D:1      | 0 ||| qw: Version: 0.2-a-29-gc1b59c4
     0 | D:1      | 0 ||| qw: Game counter: 4780
     0 | D:1      | 0 ||| qw: Always use a shield: true
     0 | D:1      | 0 ||| qw: God list: Okawaru
     0 | D:1      | 0 ||| qw: Allow faded altars: false
     0 | D:1      | 0 ||| qw: Do Orc after D:15 true
     0 | D:1      | 0 ||| qw: Do second Lair branch before Depths: true
     0 | D:1      | 0 ||| qw: Lair rune preference: random
     0 | D:1      | 0 ||| qw: Plans: Normal, Zot:1-4, Slime:5, God:TSO, Crypt,
                  | Tomb, Abyss, Pan, Hells, Win
     0 | D:1      | 0 ||| PLANNING D:1-11
   118 | D:1      | Reached XP level 2. HP: 19/19 MP: 2/2
   153 | D:1      | Found Xoster's Antique Weapon Emporium.
   225 | D:1      | Found a faded altar of an unknown god.
   520 | D:1      | Reached skill level 3 in Axes
   728 | D:1      | Reached XP level 3. HP: 23/23 MP: 3/3
  1023 | D:1      | 1023 ||| DROPPING ring of magical power.
  1024 | D:1      | 1024 ||| UPGRADING to ring of resist corrosion.
  1025 | D:1      | 1025 ||| READING scroll labelled PAWUTHUWKI.
  1094 | D:2      | 1094 ||| Stepping ~*~*~tactically~*~*~ (hiding).
  1097 | D:2      | 1097 ||| STAIRDANCE
  1123 | D:2      | 1123 ||| STAIRDANCE
  1127 | D:1      | HP: 1/23 [gnoll/+0 flail (7)]
  1222 | D:1      | 1222 ||| DROPPING +0 club.
  1226 | D:2      | 1226 ||| STAIRDANCE
  1232 | D:1      | Reached XP level 4. HP: 18/28 MP: 4/4
  1272 | D:2      | 1272 ||| STAIRDANCE
  1659 | D:2      | Found an ornate altar of the Wu Jian Council.
  1718 | D:2      | 1718 ||| Stepping ~*~*~tactically~*~*~ (hiding).
  1919 | D:2      | 1919 ||| DROPPING +0 flail.
  1974 | D:2      | 1974 ||| Stepping ~*~*~tactically~*~*~ (stealth).
  1975 | D:2      | 1975 ||| Stepping ~*~*~tactically~*~*~ (stealth).
  2196 | D:2      | 2196 ||| UPGRADING to +0 chain mail.
  2206 | D:2      | 2206 ||| DROPPING +0 scale mail.
  2207 | D:2      | 2207 ||| READING 3 scrolls labelled HUULUSYU WUMP.
  2208 | D:2      | 2208 ||| READING scroll labelled SIRREGAIVUA.
  2209 | D:2      | 2209 ||| READING 3 scrolls labelled GYHIGI KEHYI.
  2210 | D:2      | 2210 ||| READING scroll labelled BARAWN BUXOOCI.
  2213 | D:2      | 2213 ||| READING 2 scrolls of identify.
  2213 | D:2      | 2213 ||| IDENTIFYING sapphire potion
  2214 | D:2      | 2214 ||| DROPPING 2 scrolls of amnesia.
  2236 | D:3      | 2236 ||| Stepping ~*~*~tactically~*~*~ (stealth).
  2249 | D:3      | Reached XP level 5. HP: 16/32 MP: 5/5
  2361 | D:3      | 2361 ||| Stepping ~*~*~tactically~*~*~ (hiding).
  2362 | D:3      | 2362 ||| Stepping ~*~*~tactically~*~*~ (hiding).
  2427 | D:3      | Found Kamei's Magic Scroll Boutique.
  2435 | D:3      | 2435 ||| BUYING 3 scrolls of identify (72 gold).
  2435 | D:3      | Bought 3 scrolls of identify for 72 gold pieces
  2435 | D:3      | 2435 ||| BUYING scroll of identify (24 gold).
  2435 | D:3      | Bought a scroll of identify for 24 gold pieces
  2435 | D:3      | 2435 ||| BUYING scroll of identify (24 gold).
  2435 | D:3      | Bought a scroll of identify for 24 gold pieces
  2435 | D:3      | 2435 ||| BUYING scroll of teleportation (36 gold).
  2435 | D:3      | Bought a scroll of teleportation for 36 gold pieces
  2523 | D:3      | Found a white marble altar of Elyvilon.
  2725 | D:3      | 2725 ||| UPGRADING to +0 pair of boots.
  2730 | D:3      | 2730 ||| UPGRADING to amulet of regeneration.
  2735 | D:3      | 2735 ||| DRINKING 2 clear potions.
  2774 | D:3      | 2774 ||| READING 8 scrolls of identify.
  2774 | D:3      | 2774 ||| IDENTIFYING red potion
  2775 | D:3      | 2775 ||| READING 7 scrolls of identify.
  2775 | D:3      | 2775 ||| IDENTIFYING bubbling ruby potion
  2776 | D:3      | 2776 ||| READING 6 scrolls of identify.
  2776 | D:3      | 2776 ||| IDENTIFYING glowing black potion
  2777 | D:3      | 2777 ||| READING 5 scrolls of identify.
  2777 | D:3      | 2777 ||| IDENTIFYING fuming blue potion
  2778 | D:3      | 2778 ||| DROPPING potion of ambrosia.
  2779 | D:3      | 2779 ||| DROPPING potion of enlightenment.
  2845 | D:4      | 2845 ||| Stepping ~*~*~tactically~*~*~ (hiding).
  2846 | D:4      | 2846 ||| Stepping ~*~*~tactically~*~*~ (hiding).
  2849 | D:4      | 2849 ||| Stepping ~*~*~tactically~*~*~ (hiding).
  2862 | D:4      | Reached XP level 6. HP: 38/38 MP: 6/6
  2877 | D:4      | 2877 ||| Stepping ~*~*~tactically~*~*~ (stealth).
  2989 | D:4      | 2989 ||| Stepping ~*~*~tactically~*~*~ (stealth).
  3291 | D:4      | 3291 ||| UPGRADING to +0 tower shield.
  3301 | D:4      | 3301 ||| DROPPING +0 buckler.
  3328 | D:5      | Entered Level 5 of the Dungeon
  3361 | D:5      | Noticed a black bear
  3367 | D:5      | HP: 5/38 [orc priest/+0 whip (6)]
  3368 | D:5      | 3368 ||| READING scroll of teleportation.
  3370 | D:5      | HP: 1/38 [sleepcap (6)]
  3371 | D:5      | Reached skill level 4 in Shields
  3375 | D:5      | 3375 ||| Stepping ~*~*~tactically~*~*~ (stealth).
  3397 | D:5      | Reached XP level 7. HP: 22/43 MP: 7/7
  3444 | D:5      | Reached skill level 5 in Shields
  3455 | D:5      | 3455 ||| Stepping ~*~*~tactically~*~*~ (stealth).
  3456 | D:5      | 3456 ||| Stepping ~*~*~tactically~*~*~ (hiding).
  3459 | D:5      | 3459 ||| Stepping ~*~*~tactically~*~*~ (hiding).
  3466 | D:5      | 3466 ||| Stepping ~*~*~tactically~*~*~ (stealth).
  3471 | D:5      | 3471 ||| Stepping ~*~*~tactically~*~*~ (stealth).
  3490 | D:5      | 3490 ||| Stepping ~*~*~tactically~*~*~ (stealth).
  3508 | D:5      | Reached skill level 6 in Shields
  3540 | D:5      | 3540 ||| Stepping ~*~*~tactically~*~*~ (stealth).
  3569 | D:5      | 3569 ||| Stepping ~*~*~tactically~*~*~ (stealth).
  3574 | D:5      | 3574 ||| Stepping ~*~*~tactically~*~*~ (stealth).
  3584 | D:5      | Reached skill level 7 in Shields
  3584 | D:5      | Reached XP level 8. HP: 47/48 MP: 8/8
  3770 | D:5      | Reached skill level 8 in Shields
  3790 | D:5      | Found a glowing silver altar of Zin.
  3942 | D:5      | 3942 ||| UPGRADING to +0 pair of gloves.
  3947 | D:5      | 3947 ||| UPGRADING to +0 helmet.
  3952 | D:5      | 3952 ||| UPGRADING to amulet of faith.
  4120 | D:6      | Reached skill level 9 in Shields
  4122 | D:6      | HP: 9/48 [ogre/+0 giant club (16)]
  4125 | D:6      | Reached skill level 6 in Axes
  4288 | D:6      | 4288 ||| DRINKING 2 potions of curing.
  4288 | D:6      | 4288 ||| (to cure confusion)
  4291 | D:6      | 4291 ||| DRINKING potion of curing.
  4291 | D:6      | 4291 ||| (to cure confusion)
  4304 | D:6      | 4304 ||| Stepping ~*~*~tactically~*~*~ (hiding).
  4440 | D:6      | Reached skill level 1 in Dodging
  4588 | D:6      | Reached XP level 9. HP: 45/52 MP: 9/9
  4599 | D:6      | HP: 11/52 [killer bee (6)]
  4603 | D:6      | HP: 5/52 [killer bee (1)]
  4603 | D:6      | Slain by a killer bee

Levels and vault maps discovered:
D:1:      wheals_arrival_linesprint, layout_loops_corners, serial_shops,
          nicolae_shop_waterfront, nicolae_ecumenical_snake_handling
D:2:      layout_basic, basic_altar
D:3:      layout_rooms, elyvilon_altar_4, serial_shops, shop
D:4:      layout_basic, minmay_misc_feat_five,
          eino_small_chamber_without_monster
D:5:      layout_cave_pools, zin_statuary
D:6:      layout_loops_ring, serial_rivers, chequers_serial_rivers_large_b,
          chequers_serial_rivers_small_b, chequers_serial_rivers_micro_d,
          chequers_serial_rivers_small_3, serial_shops, nicolae_take_the_stairs

Skill      XL: |  1  2  3  4  5  6  7  8 |
---------------+-------------------------+-----
Axes           | 2 3 4 5 6 |  6.2
Fighting       | 4 |  4.2
Shields        | 4 7 9 |  9.6
Dodging        | 1 |  1.8
Armour         | |  3.2

Action                     |  1- 3 |  4- 6 |  7- 9 || total
---------------------------+-------+-------+-------++-------
  Melee: War axe           |    73 |   176 |   156 ||   405
  Throw: Boomerang         |       |    44 |    39 ||    83
    Use: Scroll            |     1 |    10 |       ||    11
         Potion            |       |     1 |     2 ||     3
 Armour: Scale mail        |    37 |    32 |       ||    69
         Chain mail        |       |   109 |   145 ||   254
  Dodge: Dodged            |    34 |    63 |    52 ||   149
  Block: Buckler           |    18 |    32 |       ||    50
         Tower shield      |       |    28 |   166 ||   194

Table legend:
 A = Non-vault XP
 B = Vault XP
 C = Vault XP percentage of total XP
 D = Non-vault monster count
 E = Vault monster count
 F = Vault count percentage of total count
                 A         B        C        D         E       F
            +---------+---------+-------+---------+---------+-------
      Total |    2385 |       5 |   0.2 |     117 |       4 |   3.3
            +---------+---------+-------+---------+---------+-------
        D:1 |      97 |       5 |   4.9 |      26 |       4 |  13.3
        D:2 |      52 |       0 |   0.0 |      17 |       0 |   0.0
        D:3 |      44 |       0 |   0.0 |      20 |       0 |   0.0
        D:4 |     323 |       0 |   0.0 |      14 |       0 |   0.0
        D:5 |     989 |       0 |   0.0 |      25 |       0 |   0.0
        D:6 |     880 |       0 |   0.0 |      15 |       0 |   0.0
            +---------+---------+-------+---------+---------+-------
